[Event "ICC tourney 2667 (40 10)"]
[Site "Internet Chess Club"]
[Date "2021.09.11"]
[Round "1"]
[White "SHOLL, CRAIG H:craigsholl66"]
[Black "SLADE, THEODORE LUKE:MrNormalName"]
[Result "1/2-1/2"]
[ICCResult "Game drawn by repetition"]
[WhiteElo "1791"]
[BlackElo "2100"]
[Opening "Queen's pawn game"]
[ECO "D05"]
[NIC "QP.09"]
[Time "11:01:56"]
[TimeControl "2400+10"]

1. Nf3 d5 2. d4 Nf6 3. e3 e6 4. Be2 c5 5. O-O Nc6 6. a3 Bd6 7. c4 O-O 8. Nc3
b6 9. b3 cxd4 10. exd4 dxc4 11. bxc4 Bb7 12. Bg5 h6 13. Be3 Rc8 14. Qa4 Na5
15. Nd2 Qd7 16. c5 Bb8 17. Bb5 Qc7 18. g3 Rfd8 19. Rac1 Nc6 20. cxb6 axb6
21. Nce4 Nxe4 22. Nxe4 Qd7 23. Rfd1 Qd5 24. Nc3 Qh5 25. Be2 Qa5 26. Qb3 Ne7
27. Na4 Qf5 28. Qb1 Rxc1 29. Rxc1 Nd5 30. Qxf5 exf5 31. Rb1 Bc7 32. Bc4 Ra8
33. Bb5 f4 34. gxf4 Bd6 35. Nxb6 Nxb6 36. Bc6 Bxc6 37. Rxb6 Rc8 38. d5 Bxd5
39. Rxd6 Bf3 40. h3 Ra8 41. Rd3 Be4 42. Rc3 h5 43. h4 Kh7 44. Bc5 Kg6 45.
Kh2 Kf5 46. Kg3 Ra6 47. f3 Bd5 48. Rd3 Bc4 49. Rd4 Be6 50. Rd6 Ra8 51. Bb4
Rb8 52. Rd4 Rc8 53. Re4 Rc2 54. Re5+ Kg6 55. Rg5+ Kf6 56. Rxh5 Bc4 57. Rc5
g6 58. Rc6+ Kg7 59. Rc8 Kf6 60. Rc6+ Kg7 61. Rc5 Kf6 62. a4 Bb3 63. Rxc2
Bxc2 64. a5 Bd3 65. Bc5 Kf5 66. Bd4 Be2 67. Be5 Bd3 68. Kf2 Bc4 69. Ke3 Ba6
70. Kd4 Bb7 71. Ke3 Ba6 72. Kf2 Bb7 73. Kg3 Ba6 74. Bc7 Bb7 75. Bd8 Bc8 76.
Bg5 Ke6 77. h5 gxh5 78. Kh4 Bb7 79. Kxh5 Bxf3+ 80. Kh4 Bb7 81. Kg4 f5+ 82.
Kg3 Bc8 83. Kf3 Bb7+ 84. Ke3 Be4 85. Kd4 Kd6 86. Kc4 Kc6 87. Kb4 Kb7 88. Kc5
Ka6 89. Bd8 Kb7 90. Kb5 Bc6+ 91. Kc5 Be4 92. Kd6 Ka6 93. Bb6 Bd3 94. Kc7 Be4
95. Kb8 Bd3 96. Kc7 Be4 97. Kd6 Bd3 98. Bd8 Be4 99. Kc5 Bd3 100. Kb4 Be4
101. Bf6 Bd3 102. Kc3 Be4 103. Bd8 Bb1 104. Kd4 Be4 105. Ke5 Bd3 106. Bc7
Be4 107. Bb6 Bd3 108. Kd6 Kb7 109. Bd8 Ka6 110. Kc5 Be4 111. Kb4 Bd3 112.
Kc5 Be4 113. Kb4 Bd3 114. Kc5 Be4 115. Kb4 {Game drawn by repetition}
1/2-1/2

[Event "ICC tourney 2667 (40 10)"]
[Site "Internet Chess Club"]
[Date "2021.09.11"]
[Round "2"]
[White "DEVINENI, SRITAN:sritand"]
[Black "SZERENCSY, IAN:iszerencsy"]
[Result "0-1"]
[ICCResult "White resigns"]
[WhiteElo "1754"]
[BlackElo "1550"]
[Opening "Sicilian defense"]
[ECO "B20"]
[NIC "SI.48"]
[Time "13:17:11"]
[TimeControl "2400+10"]

1. e4 c5 2. a3 e6 3. b4 cxb4 4. axb4 Bxb4 5. c3 Be7 6. d4 d5 7. e5 f6 8. f4
Nh6 9. Bd3 O-O 10. Qh5 Bd7 11. Nf3 f5 12. Ng5 Qe8 13. Qh3 Bxg5 14. fxg5 Nf7
15. Ba3 Nxg5 16. Qg3 Ne4 17. Bxe4 dxe4 18. Bxf8 Qxf8 19. O-O Bb5 20. Rf2 Nd7
21. Nd2 Bd3 22. Qe3 Rc8 23. c4 Nb6 24. Rxa7 Qb4 25. h3 Nxc4 26. Nxc4 Bxc4
27. Ra3 Bd3 28. Rfa2 h6 29. Ra8 Rxa8 30. Rxa8+ Kh7 31. d5 exd5 32. Qf4 Qe1+
33. Kh2 e3 34. Ra3 Qf2 35. Qd4 Be4 {White resigns} 0-1

[Event "ICC tourney 2667 (40 10)"]
[Site "Internet Chess Club"]
[Date "2021.09.11"]
[Round "2"]
[White "SLADE, THEODORE LUKE:MrNormalName"]
[Black "Brimble, Mark:Kiwiinoz"]
[Result "1-0"]
[ICCResult "Black resigns"]
[WhiteElo "2100"]
[BlackElo "1626"]
[Opening "QGD: Tarrasch defense"]
[ECO "D32"]
[NIC "TD.11"]
[Time "13:17:34"]
[TimeControl "2400+10"]

1. d4 d5 2. c4 e6 3. Nc3 c5 4. cxd5 exd5 5. Nf3 Nc6 6. dxc5 Nf6 7. Be3 Qa5
8. a3 Ne4 9. Rc1 Bxc5 10. Bxc5 Nxc5 11. b4 Nxb4 12. axb4 Qxb4 13. Qd4 Qa3
14. Qe3+ Be6 15. Nxd5 {Black resigns} 1-0

[Event "ICC tourney 2667 (40 10)"]
[Site "Internet Chess Club"]
[Date "2021.09.11"]
[Round "2"]
[White "WU, EVERETT:EW2006"]
[Black "THOMAS, KENNETH PATRICK:kpthomas"]
[Result "1-0"]
[ICCResult "Black resigns"]
[WhiteElo "1602"]
[BlackElo "2036"]
[Opening "Sicilian: Canal-Sokolsky attack, 3...Bd7"]
[ECO "B52"]
[NIC "SI.01"]
[Time "13:17:15"]
[TimeControl "2400+10"]

1. e4 c5 2. Nf3 d6 3. Bb5+ Bd7 4. Bxd7+ Nxd7 5. O-O Ngf6 6. Re1 g6 7. c4 e5
8. Nc3 Bg7 9. d3 h6 10. Nd5 Nxd5 11. cxd5 O-O 12. Bd2 Kh7 13. b4 f5 14. b5
f4 15. g3 g5 16. h4 g4 17. Nh2 h5 18. Qc1 Qf6 19. Rf1 Rf7 20. a4 Bf8 21. a5
Be7 22. Qc3 Rg8 23. a6 b6 24. Qc4 Nf8 25. Be1 Ng6 26. Kh1 f3 27. Ra2 Nxh4
28. gxh4 Qxh4 29. Rg1 Bg5 30. Bd2 Bd8 31. Be3 Rfg7 32. Qc1 Qf6 33. Qd1 h4
34. Rb2 Qf7 35. Rb1 Qh5 36. Rxg4 Rxg4 37. Qxf3 R4g5 38. Bxg5 Qxg5 39. Qh3
Bf6 40. Nf3 Qg4 41. Qxg4 Rxg4 42. Nd2 Bd8 43. Nc4 Bc7 44. Rg1 Rxg1+ 45. Kxg1
Kh6 46. Kg2 Kg5 47. Kh3 Kf4 48. Kxh4 Kf3 49. Kg5 Kxf2 50. Kf6 Ke2 51. Nb2
Kd2 52. Ke7 Kc2 53. Kd7 Kxb2 54. Kxc7 Kc3 55. Kxd6 Kxd3 56. Kxe5 c4 57. d6
c3 58. d7 c2 59. d8=Q+ {Black resigns} 1-0

[Event "ICC tourney 2667 (40 10)"]
[Site "Internet Chess Club"]
[Date "2021.09.11"]
[Round "2"]
[White "POWER, SEAN K:KnightHopper"]
[Black "ZILBERSTEIN, DMITRY:Zil"]
[Result "0-1"]
[ICCResult "White resigns"]
[WhiteElo "1965"]
[BlackElo "2447"]
[Opening "Scotch: Mieses variation"]
[ECO "C45"]
[NIC "SO.04"]
[Time "13:17:16"]
[TimeControl "2400+10"]

1. e4 e5 2. Nf3 Nc6 3. d4 exd4 4. Nxd4 Nf6 5. Nxc6 bxc6 6. e5 Qe7 7. Qe2 Nd5
8. c4 Nb6 9. Nc3 a5 10. g3 g6 11. Ne4 Bg7 12. Bg5 Qb4+ 13. Bd2 Qxb2 14. Nf6+
Kd8 15. Rd1 Bxf6 16. exf6 Ba6 17. Qe7+ Kc8 18. Bxa5 Kb7 19. Rd2 Qb1+ 20. Rd1
Qf5 21. Qb4 Qe4+ 22. Kd2 Qxh1 23. c5 Bxf1 24. Bxb6 Qd5+ 25. Kc1 Qc4+ 26.
Qxc4 Bxc4 27. Rxd7 Rhc8 {White resigns} 0-1

[Event "ICC tourney 2667 (40 10)"]
[Site "Internet Chess Club"]
[Date "2021.09.11"]
[Round "2"]
[White "RAMBHA, HEMACHANDRA:HR2005"]
[Black "PARKER, MICHAEL WAYNE:BobbyFissure"]
[Result "0-1"]
[ICCResult "White resigns"]
[WhiteElo "2044"]
[BlackElo "1426"]
[Opening "Sicilian: O'Kelly variation"]
[ECO "B28"]
[NIC "SI.43"]
[Time "13:17:15"]
[TimeControl "2400+10"]

1. e4 c5 2. Nf3 a6 3. d3 d6 4. Nbd2 Nc6 5. g3 Nf6 6. Bg2 Qc7 7. O-O g6 8. b3
Bg7 9. Bb2 O-O 10. Re1 Ng4 11. Bxg7 Kxg7 12. c3 Nge5 13. d4 Nxf3+ 14. Nxf3
Bg4 15. Rc1 Qb6 16. d5 Ne5 17. c4 f5 18. Rc3 Qb4 19. Qa1 Bxf3 20. Bxf3 Nxf3+
21. Rxf3+ Kg8 22. exf5 Rae8 23. f6 exf6 24. Rxe8 Rxe8 25. Qxf6 Qe1+ 26. Kg2
Qe7 27. Qf4 Rf8 28. Qxf8+ Qxf8 29. Rxf8+ Kxf8 30. Kf3 Kf7 31. Kg4 Kf6 32. f4
h5+ 33. Kh4 Kf5 34. h3 b5 35. cxb5 axb5 36. a4 bxa4 37. bxa4 c4 38. a5 c3
39. a6 c2 40. a7 c1=Q 41. a8=Q Qc7 42. Qe8 Kf6 43. g4 hxg4 44. hxg4 Qe7 45.
g5+ Kf5 46. Qh8 Qe1+ 47. Kh3 Qh1+ {White resigns} 0-1

[Event "ICC tourney 2667 (40 10)"]
[Site "Internet Chess Club"]
[Date "2021.09.11"]
[Round "2"]
[White "CHENG, Claire:Clairehouses"]
[Black "WINDRAM, JAMES ALEXANDER:Cypsiurus"]
[Result "0-1"]
[ICCResult "White checkmated"]
[WhiteElo "1809"]
[BlackElo "1639"]
[Opening "Benoni: classical, 9.O-O"]
[ECO "A73"]
[NIC "BI.16"]
[Time "13:17:35"]
[TimeControl "2400+10"]

1. d4 Nf6 2. c4 e6 3. Nf3 c5 4. d5 exd5 5. cxd5 d6 6. Nc3 g6 7. e4 Bg7 8.
Be2 O-O 9. O-O Bg4 10. h3 Bxf3 11. Bxf3 Nbd7 12. h4 Ne5 13. Be2 h5 14. Bg5
a6 15. a4 Qc8 16. Qd2 Re8 17. f3 Rb8 18. a5 Nfd7 19. Rfc1 c4 20. Na4 b5 21.
axb6 Nxb6 22. Nxb6 Rxb6 23. Be3 Rxb2 24. Qd1 Qb7 25. Bd4 Rxe2 26. Bxe5 Qb6+
27. Kh1 Qf2 28. Qf1 Bxe5 29. Qxf2 Rxf2 30. Rxc4 Bxa1 31. Rc6 Be5 32. Rxa6
Rf1# {White checkmated} 0-1

[Event "ICC tourney 2667 (40 10)"]
[Site "Internet Chess Club"]
[Date "2021.09.11"]
[Round "2"]
[White "LIN, LEO FANYUE:Leolix"]
[Black "YAN, RUIYANG:jy2020"]
[Result "1-0"]
[ICCResult "Black checkmated"]
[WhiteElo "1850"]
[BlackElo "2155"]
[Opening "Queen's pawn: London system"]
[ECO "A45"]
[NIC "QP.07"]
[Time "13:17:12"]
[TimeControl "2400+10"]

1. d4 Nf6 2. Bf4 d5 3. e3 e6 4. Nf3 c5 5. c3 Bd6 6. Bg3 O-O 7. Nbd2 b6 8.
Bd3 Bb7 9. Ne5 Nc6 10. f4 Ne7 11. Bf2 Ne4 12. Qf3 f6 13. Ng4 h5 14. h3 hxg4
15. hxg4 f5 16. g5 Ng6 17. Ke2 cxd4 18. cxd4 Bb4 19. Qh5 Kf7 20. Nf3 Bd6 21.
Nh4 Ke7 22. Nxg6+ Kd7 23. Rac1 a6 24. Nxf8+ Qxf8 25. Qg6 Re8 26. Rh7 Re7 27.
Qh5 Qb8 28. Rh8 Qa7 29. Qh7 b5 30. Qg8 Qb6 31. g6 Qa5 32. Bxe4 dxe4 33. Bh4
b4 34. Bxe7 Qb5+ 35. Kf2 Bxe7 36. Qe8+ Kd6 37. Qb8+ Kd5 38. Qe5#
{Black checkmated}
1-0

[Event "ICC tourney 2667 (40 10)"]
[Site "Internet Chess Club"]
[Date "2021.09.11"]
[Round "2"]
[White "Gao, Marvin:kaiclc"]
[Black "NGUYEN, TIEN:ngthanhthuytien"]
[Result "1-0"]
[ICCResult "Black forfeits on time"]
[WhiteElo "1939"]
[BlackElo "2103"]
[Opening "Sicilian: Najdorf, Byrne (English) attack"]
[ECO "B90"]
[NIC "SI.14"]
[Time "13:17:14"]
[TimeControl "2400+10"]

1. e4 c5 2. Nf3 d6 3. d4 cxd4 4. Nxd4 Nf6 5. Nc3 a6 6. Be3 e6 7. f3 b5 8. g4
Nfd7 9. a4 b4 10. Na2 Ne5 11. Nxb4 d5 12. Nd3 Nc4 13. Bf2 dxe4 14. fxe4 Qa5+
15. Ke2 e5 16. Nf5 g6 17. Ne3 h5 18. g5 Nxe3 19. Kxe3 Bc5+ 20. Nxc5 Qxc5+
21. Kf3 Bg4+ 22. Kg2 Qe7 23. Qd5 Qxg5 24. h4 Qf4 25. Qxa8 Bf3+ 26. Kg1
{Black forfeits on time}
1-0

[Event "ICC tourney 2667 (40 10)"]
[Site "Internet Chess Club"]
[Date "2021.09.11"]
[Round "2"]
[White "Wan, Caleb:chess-caleb"]
[Black "Belous, Vladimir:Openyagami"]
[Result "0-1"]
[ICCResult "White resigns"]
[WhiteElo "2042"]
[BlackElo "2540"]
[Opening "Sicilian: Labourdonnais-Löwenthal (Kalashnikov) variation"]
[ECO "B32"]
[NIC "SI.32"]
[Time "13:17:13"]
[TimeControl "2400+10"]

1. e4 c5 2. Nf3 Nc6 3. d4 cxd4 4. Nxd4 e5 5. Nb5 d6 6. N1c3 a6 7. Na3 b5 8.
Nd5 Nge7 9. Be3 Nxd5 10. exd5 Ne7 11. Be2 Nf5 12. Bc1 Be7 13. O-O O-O 14. c3
Re8 15. Nc2 Bg5 16. a4 bxa4 17. Rxa4 a5 18. Bb5 Bxc1 19. Qxc1 Bd7 20. Bxd7
Qxd7 21. Qa1 Qb5 22. b4 Qxd5 23. bxa5 Qd2 24. Ra2 Qd3 25. Rd1 Qc4 26. Nb4 e4
27. Nd5 e3 28. Nb6 Qc6 29. fxe3 Nxe3 30. Nxa8 Nxd1 31. Qxd1 Qxc3 32. Qd2
Qc5+ 33. Kh1 Rxa8 34. h3 h5 35. a6 g6 36. Qb2 d5 37. a7 Qc7 38. Qd4 Qc4 39.
Qb2 Qc7 40. Qd4 Qc1+ 41. Kh2 Qc4 42. Qb2 Qc7+ 43. Kh1 Rxa7 44. Rxa7 Qxa7 45.
Qe5 Qd7 46. Qd4 Qf5 47. Qc5 Qe4 48. Qc8+ Kg7 49. Kh2 Qf4+ 50. Kg1 d4 51. g4
Qg3+ 52. Kf1 Qxh3+ 53. Kf2 Qxg4 54. Qd8 h4 55. Qd5 Qf5+ {White resigns} 0-1

[Event "ICC tourney 2667 (40 10)"]
[Site "Internet Chess Club"]
[Date "2021.09.11"]
[Round "2"]
[White "RAMESH, RAHUL:rockinroll"]
[Black "JORAJURIA MENDOZA, ALGOL:AJM04"]
[Result "1/2-1/2"]
[ICCResult "Game drawn by mutual agreement"]
[WhiteElo "1708"]
[BlackElo "2050"]
[Opening "Queen's pawn, Mason variation"]
[ECO "D00"]
[NIC "QP.08"]
[Time "13:17:36"]
[TimeControl "2400+10"]

1. d4 d5 2. Bf4 Nf6 3. e3 e6 4. Nd2 Be7 5. Ngf3 Nbd7 6. Bb5 a6 7. Bd3 Nh5 8.
Bg3 c5 9. c3 Nxg3 10. hxg3 b5 11. Ne5 Nxe5 12. dxe5 Bb7 13. Qe2 h6 14. Nf3
Qb6 15. b3 c4 16. bxc4 dxc4 17. Bc2 Qa5 18. O-O Qxc3 19. a4 O-O 20. Rfc1
Bxf3 21. Qxf3 Qxe5 22. axb5 Qxb5 23. Ra4 Rfc8 24. Rxc4 Rxc4 25. Qxa8+ Bf8
26. Rb1 Qc6 27. Qxc6 Rxc6 28. Be4 Rc4 29. Bd3 Ra4 30. Rb6 a5 31. Ra6 Ra1+
32. Kh2 g6 33. Bb5 Bb4 34. Ra7 Kf8 35. g4 {Game drawn by mutual agreement}
1/2-1/2

[Event "ICC tourney 2667 (40 10)"]
[Site "Internet Chess Club"]
[Date "2021.09.11"]
[Round "2"]
[White "VONTHRON, HORST:Sayilor"]
[Black "Walsh, Tim R:Telos53"]
[Result "1-0"]
[ICCResult "Black resigns"]
[WhiteElo "2411"]
[BlackElo "1885"]
[Opening "QGD: exchange, positional line"]
[ECO "D35"]
[NIC "QO.16"]
[Time "13:17:36"]
[TimeControl "2400+10"]

1. d4 d5 2. c4 e6 3. Nc3 Nf6 4. cxd5 exd5 5. Bg5 Be7 6. e3 O-O 7. Bd3 c6 8.
Nge2 Nbd7 9. Qc2 Re8 10. O-O Nf8 11. Ng3 g6 12. Rad1 Ne6 13. Bh6 Ng4 14. Bf4
Bd6 15. Bxd6 Qxd6 16. Na4 f5 17. Nc5 Nxc5 18. Qxc5 Qd8 19. h3 Nf6 20. Ne2
Ne4 21. Bxe4 fxe4 22. b4 a6 23. a4 Bd7 24. Qd6 Qe7 25. Qxe7 Rxe7 26. Nc3 Kf7
27. Ra1 Ke6 28. f3 exf3 29. Rxf3 Rf7 30. Rxf7 Kxf7 31. e4 dxe4 32. Nxe4 Bf5
33. Nd6+ Ke7 34. Nxb7 Rb8 35. Na5 Kd7 36. g4 Be6 37. Rb1 Kd6 38. Kf2 h5 39.
gxh5 gxh5 40. h4 Rg8 41. Re1 Rf8+ 42. Ke3 Bg4 43. Nc4+ Kd5 44. Ne5 Rb8 45.
Rc1 Rxb4 46. Rc5+ Ke6 47. Rxc6+ Kf5 48. Rxa6 Rb3+ 49. Nd3 Bh3 50. Ra8 Bf1
51. Rf8+ {Black resigns} 1-0

[Event "ICC tourney 2667 (40 10)"]
[Site "Internet Chess Club"]
[Date "2021.09.11"]
[Round "2"]
[White "OBERAI, VIKRAM:vober6"]
[Black "BONDALAPATI, SRI VIBHAV:Vibhu11"]
[Result "1/2-1/2"]
[ICCResult "Game drawn by mutual agreement"]
[WhiteElo "1936"]
[BlackElo "1736"]
[Opening "Sicilian: accelerated fianchetto, modern variation"]
[ECO "B76"]
[NIC "SI.33"]
[Time "13:17:21"]
[TimeControl "2400+10"]

1. e4 c5 2. Nf3 Nc6 3. d4 cxd4 4. Nxd4 g6 5. Nc3 Bg7 6. Be3 d6 7. f3 Nf6 8.
Qd2 O-O 9. g4 Nd7 10. O-O-O Nde5 11. Qf2 Be6 12. Kb1 Bc4 13. Nb3 Bxf1 14.
Qxf1 a6 15. h4 Rc8 16. h5 Nb4 17. hxg6 fxg6 18. Qh3 h5 19. gxh5 Qd7 20. Qh4
Nxf3 21. Qg3 Ne5 22. Bd4 Rf3 23. Qg2 Qg4 24. Qe2 Rg3 25. h6 Bf6 26. h7+ Kh8
27. Bxe5 Bxe5 28. Qxg4 {Game drawn by mutual agreement} 1/2-1/2

[Event "ICC tourney 2667 (40 10)"]
[Site "Internet Chess Club"]
[Date "2021.09.11"]
[Round "2"]
[White "POMERANTZ, DANIEL G:dpomerantz135"]
[Black "NGUYEN, JAMES L:carokann2007"]
[Result "1-0"]
[ICCResult "Black resigns"]
[WhiteElo "2238"]
[BlackElo "1844"]
[Opening "Caro-Kann: advance variation"]
[ECO "B12"]
[NIC "CK.04"]
[Time "13:17:31"]
[TimeControl "2400+10"]

1. e4 c6 2. d4 d5 3. e5 Bf5 4. Nf3 e6 5. Be2 Ne7 6. O-O c5 7. c4 Nbc6 8. Na3
a6 9. cxd5 Nxd5 10. Bg5 Be7 11. Bxe7 Qxe7 12. Nc4 O-O 13. Nd6 cxd4 14. Nxd4
Nxd4 15. Qxd4 Bg6 16. f4 Rad8 17. Bf3 Nf6 18. Rfd1 Ne8 19. Rac1 Nxd6 20.
exd6 Qd7 21. Rc7 Qb5 22. Rxb7 Qa5 23. a3 e5 24. Qxe5 Qa4 25. f5 Rfe8 26. Re7
Rxe7 27. Qxe7 Re8 28. fxg6 Rxe7 29. dxe7 fxg6 30. Rd8+ Kf7 31. e8=Q+ Qxe8
32. Rxe8 Kxe8 33. Kf2 {Black resigns} 1-0

[Event "ICC tourney 2667 (40 10)"]
[Site "Internet Chess Club"]
[Date "2021.09.11"]
[Round "2"]
[White "JEGAN, ALAN:playtowin2020"]
[Black "REMPE, JONAS JAKOB RAZA:Drachekokosnuss"]
[Result "1-0"]
[ICCResult "Black checkmated"]
[WhiteElo "1934"]
[BlackElo "2100"]
[Opening "Scotch gambit: Dubois-Réti defense"]
[ECO "C55"]
[NIC "KP.02"]
[Time "13:17:24"]
[TimeControl "2400+10"]

1. e4 e5 2. Nf3 Nc6 3. d4 exd4 4. Bc4 Nf6 5. e5 Ng4 6. Qe2 Bb4+ 7. c3 dxc3
8. bxc3 Bc5 9. O-O O-O 10. h3 Nxf2 11. Rxf2 Bxf2+ 12. Qxf2 d5 13. exd6 Qxd6
14. Ba3 Qd1+ 15. Ne1 Rd8 16. Bxf7+ Kh8 17. Bb3 Qh5 18. Nd2 Bxh3 19. Nef3 Bf5
20. Re1 Re8 21. Rc1 Rad8 22. Nf1 Bg4 23. N1h2 Be6 24. Bb2 Bxb3 25. axb3 Re6
26. c4 Rde8 27. Qg3 Rg6 28. Qf4 h6 29. Rd1 Re2 30. Nh4 Rxb2 31. Nxg6+ Qxg6
32. Ng4 Rb1 33. Rxb1 Qxb1+ 34. Kh2 Qg6 35. Kh3 Qd3+ 36. g3 Qd6 37. Qf7 Qe7
38. Qf5 Qg5 39. Qe4 h5 40. Ne3 Qe5 41. Qf3 Nd4 42. Qf2 c6 43. b4 Qe6+ 44.
Kh2 Qf6 45. Qg2 Nf3+ 46. Kh1 h4 47. Qh3 Qh6 48. Qc8+ Kh7 49. Qf5+ Qg6 50.
Qxf3 hxg3 51. Kg2 Qg5 52. Qe4+ Qg6 53. Qd4 Qf6 54. Qe4+ Qg6 55. Nf5 Qh5 56.
Nxg3+ Qg6 57. Qd4 Qc2+ 58. Kh3 Qb1 59. Qc5 Qg6 60. Qd4 Qb1 61. Qh4+ Kg8 62.
c5 Qh7 63. Nh5 Qd3+ 64. Kh2 Qc2+ 65. Kh3 Qd3+ 66. Ng3 Qh7 67. Qxh7+ Kxh7 68.
Nf5 Kg6 69. Nd6 b6 70. cxb6 axb6 71. Nc4 b5 72. Ne5+ Kf5 73. Nxc6 Ke4 74.
Kg3 Kd5 75. Na5 Kd4 76. Kg4 Kc3 77. Nc6 Kc4 78. Kg5 Kd5 79. Na5 Kd6 80. Kg6
Kc7 81. Kxg7 Kb6 82. Kf6 Kc7 83. Ke7 Kb6 84. Kd6 Ka7 85. Kc5 Ka6 86. Nb3 Kb7
87. Kxb5 Kc7 88. Ka6 Kc6 89. b5+ Kc7 90. Ka7 Kd6 91. b6 Kc6 92. b7 Kb5 93.
b8=Q+ Ka4 94. Nc5+ Ka5 95. Qb6# {Black checkmated} 1-0

[Event "ICC tourney 2667 (40 10)"]
[Site "Internet Chess Club"]
[Date "2021.09.11"]
[Round "2"]
[White "Chakrabarti, Brejesh:Kochi222"]
[Black "VAKHIDOV, JAKHONGIR:TjkTiger"]
[Result "1/2-1/2"]
[ICCResult "Game drawn by mutual agreement"]
[WhiteElo "2006"]
[BlackElo "2584"]
[Opening "King's Indian: fianchetto, Uhlmann (Szabo) variation"]
[ECO "E62"]
[NIC "KI.72"]
[Time "13:17:36"]
[TimeControl "2400+10"]

1. Nf3 g6 2. d4 Nf6 3. c4 Bg7 4. g3 O-O 5. Bg2 d6 6. O-O Nc6 7. Nc3 e5 8.
dxe5 Nxe5 9. Nxe5 dxe5 10. Qxd8 Rxd8 11. Bg5 Rd7 12. Rfd1 c6 13. b4 h6 14.
Bxf6 Bxf6 15. b5 Rxd1+ 16. Rxd1 cxb5 17. cxb5 Rb8 18. Nd5 Bd8 19. Rc1 Bd7
20. a4 a6 21. Rb1 axb5 22. axb5 Kf8 23. b6 Bc6 24. Rc1 f5 25. e4 Bxd5 26.
exd5 Ke7 27. Kf1 Bxb6 28. Rb1 Bd4 29. Rxb7+ Rxb7 30. d6+ Kxd6 31. Bxb7 e4
32. Ke2 Ke5 33. f3 Bg1 34. h3 e3 35. f4+ Kd4 36. Bc6 Bh2 37. Be8 Bxg3 38.
Bxg6 Ke4 39. Bxf5+ Kxf5 40. Kxe3 Bh4 41. Kf3 h5 42. Kg2 Ke4 43. Kh1 Kf3 44.
f5 Bf6 45. h4 Kg4 46. Kg1 Kxh4 47. Kh1 {Game drawn by mutual agreement}
1/2-1/2

[Event "ICC tourney 2667 (40 10)"]
[Site "Internet Chess Club"]
[Date "2021.09.11"]
[Round "2"]
[White "TAO, SIHAN:K06-16931716"]
[Black "WU, WILLIAM:K09-15782241"]
[Result "0-1"]
[ICCResult "White resigns"]
[WhiteElo "1544"]
[BlackElo "1916"]
[Opening "Scotch game"]
[ECO "C45"]
[NIC "SO.05"]
[Time "13:17:27"]
[TimeControl "2400+10"]

1. e4 e5 2. Nf3 Nc6 3. d4 exd4 4. Nxd4 Bc5 5. Be3 Qf6 6. c3 Qg6 7. Qe2 Nxd4
8. Bxd4 Bxd4 9. cxd4 Ne7 10. Nc3 O-O 11. g3 c6 12. Bg2 f5 13. e5 d5 14. f4
b5 15. Kf2 a5 16. a3 Be6 17. b4 Qe8 18. Qb2 Qd7 19. bxa5 Rxa5 20. a4 Qa7 21.
Qb4 Ra8 22. Rhb1 Nc8 23. Bf3 Qd7 24. Ra3 Nb6 25. Rba1 Nc4 26. R3a2 Qa7 27.
Ne2 Rxa4 28. Rxa4 bxa4 29. Qc5 Qxc5 30. dxc5 a3 31. Nd4 Kf7 32. Be2 a2 33.
Bd1 Bd7 34. Ke2 Nb2 35. Bb3 Na4 36. Kd2 Nxc5 37. Rxa2 Nxb3+ {White resigns}
0-1

[Event "ICC tourney 2667 (40 10)"]
[Site "Internet Chess Club"]
[Date "2021.09.11"]
[Round "2"]
[White "LYNN, BENNETT:ben622"]
[Black "GUO, YU HAN (VERONICA):VeronicaG"]
[Result "0-1"]
[ICCResult "White resigns"]
[WhiteElo "2010"]
[BlackElo "1650"]
[Opening "Caro-Kann: classical, Spassky variation"]
[ECO "B19"]
[NIC "CK.12"]
[Time "13:17:19"]
[TimeControl "2400+10"]

1. e4 c6 2. d4 d5 3. Nd2 dxe4 4. Nxe4 Bf5 5. Ng3 Bg6 6. h4 h6 7. Nf3 Nd7 8.
h5 Bh7 9. Bd3 Bxd3 10. Qxd3 e6 11. Bd2 Qc7 12. O-O-O Ngf6 13. Ne4 Nxe4 14.
Qxe4 Nf6 15. Qe2 O-O-O 16. Kb1 Bd6 17. c4 Rhe8 18. Ne5 Bxe5 19. dxe5 Nd7 20.
f4 Nc5 21. Be3 Qa5 22. Qf2 Na4 23. Qc2 Nc5 24. Bd4 Na6 25. Bc3 Qb6 26. Rd6
Rxd6 27. exd6 Qc5 28. Bxg7 Nb4 29. Qe2 Qf5+ 30. Kc1 Qxf4+ 31. Qd2 Nd3+ 32.
Kc2 Qxc4+ 33. Kb1 Rd8 34. Bxh6 Rxd6 35. Qe2 Qd5 36. Be3 Qf5 37. g4 Qe4 38.
Rg1 Nb4+ {White resigns} 0-1

[Event "ICC tourney 2667 (40 10)"]
[Site "Internet Chess Club"]
[Date "2021.09.11"]
[Round "2"]
[White "REMPE, MIEKE:MChessy"]
[Black "CHRISNEY, ADAM RENFRO:arenfroc"]
[Result "1-0"]
[ICCResult "Black resigns"]
[WhiteElo "1900"]
[BlackElo "1668"]
[Opening "Sicilian: Najdorf"]
[ECO "B90"]
[NIC "SI.14"]
[Time "13:17:16"]
[TimeControl "2400+10"]

1. e4 c5 2. Nf3 d6 3. d4 cxd4 4. Nxd4 Nf6 5. Nc3 a6 6. a4 e6 7. Bd3 Be7 8.
O-O Qc7 9. Qf3 Bd7 10. Qg3 O-O 11. Bh6 Ne8 12. Kh1 Kh8 13. Be3 Nc6 14. f4
Bf6 15. Nce2 Nxd4 16. Nxd4 e5 17. Nf3 exf4 18. Bxf4 Bxb2 19. Rab1 Bf6 20. e5
dxe5 21. Nxe5 Qc8 22. Be4 Bc6 23. Nxc6 bxc6 24. Rb6 Ra7 25. Rxc6 Qd8 26. Qh3
g6 27. Rc8 Qe7 28. Bc6 Kg8 29. Bb8 Qe2 30. Qd3 Qxd3 31. cxd3 Re7 32. Bg3 Bd4
33. Be1 Nd6 34. Rxf8+ Kxf8 35. Bb4 {Black resigns} 1-0

[Event "ICC tourney 2667 (40 10)"]
[Site "Internet Chess Club"]
[Date "2021.09.11"]
[Round "2"]
[White "CHUBAKOV, SULTAN:schubakov"]
[Black "RAJANISH, ADHVAITH:Adhvaith0406"]
[Result "1-0"]
[ICCResult "Black resigns"]
[WhiteElo "2100"]
[BlackElo "1944"]
[Opening "Queen's Indian: 4.g3"]
[ECO "E15"]
[NIC "QI.02"]
[Time "13:17:31"]
[TimeControl "2400+10"]

1. d4 Nf6 2. c4 e6 3. Nf3 b6 4. g3 Bb4+ 5. Bd2 Bxd2+ 6. Nbxd2 Bb7 7. Bg2 O-O
8. O-O c5 9. a3 Nc6 10. e3 cxd4 11. Nxd4 d5 12. Nxc6 Bxc6 13. Qe2 Rc8 14.
Rfd1 Qe7 15. cxd5 Bxd5 16. e4 Bb7 17. e5 Nd5 18. Ne4 Rc7 19. Nd6 Ba8 20.
Rac1 Rd8 21. h4 Rdd7 22. Qb5 Qd8 23. Qa4 h6 24. Bf1 Re7 25. Ba6 Rxc1 26.
Rxc1 Nc7 27. Bf1 Rd7 28. Qxa7 f6 29. exf6 Rxd6 30. Rxc7 Rd1 31. Rxg7+ Kh8
32. Rh7+ {Black resigns} 1-0

[Event "ICC tourney 2667 (40 10)"]
[Site "Internet Chess Club"]
[Date "2021.09.11"]
[Round "2"]
[White "FILIPOVICH, DAVID MICHAEL:dmfcan"]
[Black "KUSHALNAGAR, NIRUPAM:K12-17349316"]
[Result "1-0"]
[ICCResult "Black resigns"]
[WhiteElo "2050"]
[BlackElo "1608"]
[Opening "Réti opening"]
[ECO "A04"]
[NIC "QP.10"]
[Time "13:17:36"]
[TimeControl "2400+10"]

1. Nf3 c5 2. g3 e6 3. Bg2 Be7 4. c4 Nc6 5. Nc3 Nf6 6. d4 cxd4 7. Nxd4 a6 8.
O-O Qc7 9. b3 Nxd4 10. Qxd4 Bc5 11. Qd3 Rb8 12. Bf4 e5 13. Bg5 Be7 14. Rfd1
O-O 15. Bxf6 Bxf6 16. Nd5 Qd8 17. Nxf6+ Qxf6 18. Qd6 Qxd6 19. Rxd6 Rd8 20.
c5 Kf8 21. b4 Ke7 22. Rad1 Rf8 23. Bh3 Rd8 24. f4 exf4 25. gxf4 Kf8 26. Bxd7
Bxd7 27. Rxd7 Rxd7 28. Rxd7 Re8 29. Rxb7 Rxe2 30. c6 Rc2 31. Rb6 Ke7 32.
Rxa6 Kf6 33. b5 Kf5 34. Ra4 Rc5 35. Rb4 Kg4 36. b6 Kf3 37. Rb3+ Kxf4 38. b7
Rxc6 39. b8=Q+ Kf5 40. Qb5+ Kg6 41. Qxc6+ f6 42. Rg3+ Kh6 43. Qe6 g6 44.
Qxf6 {Black resigns} 1-0